 Dungeon Crawl Stone Soup version 0.30.0-18-gc0e69614cb (webtiles) character file.

Game seed: 5370819046494950307

247 monsoonserge the Chopper (level 6, -1/53 HPs)
             Began as a Hill Orc Fighter on May 25, 2023.
             Slain by a phantom (5 damage)
             ... on level 5 of the Dungeon.
             The game lasted 00:06:20 (1968 turns).

monsoonserge the Chopper (Hill Orc Fighter)         Turns: 1968, Time: 00:06:22

Health: -1/53      AC:  8    Str: 24    XL:     6   Next: 11%
Magic:  6/6        EV: 10    Int:  8    God:
Gold:   112        SH:  4    Dex: 10    Spells: 5/5 levels left

rFire   . . .        n - +5 whip "Imp's Undoing" {heavy, Will+ Str+3 Stlth+}
rCold   . . .        c - +0 buckler
rNeg    . . .        b - +0 scale mail
rPois   .            k - +1 hat {Will+}
rElec   .            s - scarf {+Inv}
rCorr   .            (no gloves)
SInv    .            (no boots)
Will    ++...        h - amulet of regeneration
Stlth   +            o - ring of wizardry
HPRegen 1.08/turn    (no ring)
MPRegen 0.10/turn

%: wizardry (x1)
@: lethally poisoned (-1 -> -8), slowed, very slow
A: no striking features
a: Evoke Invisibility


You were on level 5 of the Dungeon.
You visited 1 branch of the dungeon, and saw 5 of its levels.
You also visited: Sewer.

You collected 112 gold pieces.

Inventory:

Hand Weapons
 a - a +0 war axe
 n - the +5 whip "Imp's Undoing" (weapon) {heavy, Will+ Str+3 Stlth+}
   (You found it on level 6 of the Dungeon)

   Str:       It affects your strength (+3).
   Will:      It increases your willpower.
   Stlth:     It makes you more stealthy.
Missiles
 i - 3 boomerangs (quivered)
 j - 2 poisoned darts
Armour
 b - a +0 scale mail (worn)
 c - a +0 buckler (worn)
 k - a +1 hat of willpower (worn)
 s - a scarf of invisibility (worn)
Jewellery
 h - an amulet of regeneration (around neck)
 o - a ring of wizardry (left hand)
Scrolls
 e - a scroll of identify
 f - a scroll of fear
 q - a scroll of amnesia {unknown}
 r - a scroll of enchant armour {unknown}
Potions
 d - a potion of might
 g - a potion of heal wounds {unknown}
 l - a potion of flight {unknown}
 m - 3 potions of magic {unknown}
 p - a potion of attraction {unknown}


   Skills:
 + Level 4.5 Fighting
 - Level 5.3 Axes
 + Level 4.6 Armour
 + Level 0.9 Dodging
 + Level 4.0 Shields
 * Level 0.3 Evocations


You had 5 spell levels left.
You didn't know any spells.
Your spell library contained the following spells:

 Spells                   Type           Power      Damage    Failure   Level
 Magic Dart               Conj           0%         1d3       43%         1
 Call Imp                 Summ           0%         N/A       56%         2
 Mephitic Cloud           Conj/Pois/Air  0%         N/A       78%         3


Dungeon Overview and Level Annotations

Branches:
Dungeon (6/15)              Sewer (visited)
 Temple: D:4-7

Altars:
Hepliaklqana
Makhleb
Xom

Annotations:
D:6 Maggie


Message History

The phantom hits you but does no damage.
The kobold brigand hits you with a +0 short sword.
The phantom hits you but does no damage.
You block the kobold brigand's attack. You block the phantom's attack.
The kobold brigand hits you with a +0 short sword.
* * * LOW HITPOINT WARNING * * *
You miss the kobold brigand.
The kobold brigand is severely wounded.
The phantom barely misses you.
The kobold brigand hits you but does no damage.
The phantom hits you.
* * * LOW HITPOINT WARNING * * *
You block the kobold brigand's attack.
You whack the kobold brigand!
The kobold brigand is almost dead.
The phantom hits you.
* * * LOW HITPOINT WARNING * * *
The phantom blinks!
You blink.
Found 3 stones.
The phantom hits you.
* * * LOW HITPOINT WARNING * * *
You hit the phantom.
The phantom is lightly damaged.
The phantom hits you.
* * * LOW HITPOINT WARNING * * *
The kobold brigand throws a curare-tipped dart.
The curare-tipped dart closely misses you.
The phantom hits you but does no damage.
You whack the phantom!
The phantom is moderately damaged.
You feel yourself speed up. The phantom misses you.
The kobold brigand throws a curare-tipped dart.
The curare-tipped dart barely misses you.
The phantom hits you but does no damage.
The kobold brigand throws a curare-tipped dart.
The curare-tipped dart hits you.
You are poisoned.
You have difficulty breathing.
* * * LOW HITPOINT WARNING * * *
You feel yourself slow down. The phantom hits you.
You die...

######
#....#
#@..(#
#.W..#
#....####
#....#..
#K...#.#
#......
#.....#
#.....####
#>....#


You could see a kobold brigand and a phantom.

Vanquished Creatures
  Pargi (Sewer)
  A hound (D:6)
  5 adders
  4 worms
  6 orcs
  6 ball pythons
  6 bats
  7 endoplasms
  5 giant cockroaches
  5 hobgoblins
  5 quokkas
  2 frilled lizards (D:2)
  2 goblins
  9 kobolds
  2 rats (D:1)
66 creatures vanquished.

Notes
Turn   | Place    | Note
-------+----------+-------------------------------------------
     0 | D:1      | monsoonserge the Hill Orc Fighter began the quest for the
                  | Orb.
     0 | D:1      | Reached XP level 1. HP: 19/19 MP: 1/1
   101 | D:1      | Reached XP level 2. HP: 23/27 MP: 2/2
   397 | D:1      | Reached skill level 3 in Axes
   616 | D:1      | Reached XP level 3. HP: 33/33 MP: 3/3
   854 | D:2      | Reached skill level 4 in Axes
   854 | D:2      | Reached XP level 4. HP: 40/40 MP: 4/4
  1609 | D:3      | Found a glowing drain.
  1642 | Sewer    | Entered a sewer
  1725 | Sewer    | Noticed Pargi
  1754 | Sewer    | Killed Pargi
  1755 | Sewer    | Reached skill level 5 in Axes
  1755 | Sewer    | Reached XP level 5. HP: 39/47 MP: 5/5
  1878 | D:3      | You fall into a shaft and drop 3 floors!
  1878 | D:6      | Found a shimmering altar of Xom.
  1878 | D:6      | Found a burning altar of Makhleb.
  1879 | D:6      | Found a hazy altar of Hepliaklqana.
  1902 | D:6      | Noticed Maggie
  1910 | D:6      | Noticed an orc warrior
  1920 | D:6      | Reached XP level 6. HP: 49/53 MP: 6/6
  1920 | D:6      | Identified the +5 whip "Imp's Undoing" {heavy, Will+ Str+3
                  | Stlth+}
  1938 | D:5      | Entered Level 5 of the Dungeon
  1968 | D:5      | Slain by a phantom

Illustrated notes

Levels and vault maps discovered:
D:1:      spicycebolla_arrival_clurvy, layout_loops_ring, minmay_pentomino_v4
D:2:      layout_basic
D:3:      layout_basic, cheibrodos_sewer_entry_drain
D:5:      layout_basic, minmay_temple_entry_glass
D:6:      layout_rooms, nicolae_overflow_quartered_altars, uniq_maggie

Skill      XL: |  1  2  3  4 |
---------------+-------------+-----
Axes           | 3 4 5 |  5.3
Fighting       | 4 |  4.5
Armour         | 4 |  4.6
Shields        | 4 |  4.0
Dodging        | |  0.9
Evocations     | |  0.3

Action                     |  1- 3 |  4- 6 || total
---------------------------+-------+-------++-------
  Melee: War axe           |    89 |   156 ||   245
         Whip              |       |     9 ||     9
    Use: Scroll            |       |     3 ||     3
 Armour: Scale mail        |    49 |    96 ||   145
  Dodge: Dodged            |    59 |   107 ||   166
  Block: Buckler           |    21 |    45 ||    66
